 Dungeon Crawl Stone Soup version 0.31-a0-845-g9abc20d24f (webtiles) character file.

Game seed: 10912219600480438224

1361 Descartes the Fighter (level 8, -2/68 HPs)
             Began as a Formicid Fighter on Oct 2, 2023.
             Was an Initiate of Gozag.
             Slain by a gargoyle
             ... wielding a +0 flail
              (11 damage)
             ... in a bailey.
             The game lasted 00:09:25 (5909 turns).

Descartes the Fighter (Formicid Fighter)            Turns: 5909, Time: 00:09:26

Health: -2/68      AC: 14    Str: 24    XL:     8   Next: 96%
Magic:  8/8        EV:  8    Int:  7    God:    Gozag
Gold:   671        SH:  6    Dex: 13    Spells: 7/7 levels left

rFire   . . .        d - +2 whip (vamp)
rCold   . . .        c - +0 buckler
rNeg    . . .        g - +1 chain mail
rPois   +            (helmet unavailable)
rElec   .            (no cloak)
rCorr   .            E - +2 pair of gloves
SInv    +            (no boots)
Will    +....        m - amulet of the acrobat Stlth
                     n - ring of willpower
HPRegen 0.31/turn    x - ring of poison resistance
MPRegen 0.11/turn

%: acrobat
@: gold aura, studying Fighting
A: permanent stasis, dig shafts and tunnels, antennae 3, four strong arms
a: Dig, Renounce Religion, Potion Petition, Call Merchant, Bribe Branch


You were in a bailey.
You worshipped Gozag.
Gozag was pleased with you.
You visited 2 branches of the dungeon, and saw 8 of its levels.
You also visited: Ossuary and Bailey.

You collected 716 gold pieces.
You paid 45 gold pieces to Gozag.

Inventory:

Hand Weapons
 a - a +0 war axe
 d - a +2 vampiric whip (weapon)
 u - the +3 falchion of the Glamorous God {freeze, Int+4}
   (You found it on level 3 of the Dungeon)

   Int+4:     It affects your intelligence (+4).
Missiles
 h - 5 poisoned darts
 l - 2 throwing nets
Armour
 c - a +0 buckler (worn)
 g - a +1 chain mail (worn)
 E - a +2 pair of gloves (worn)
Jewellery
 m - an amulet of the acrobat (around neck)
 n - a ring of willpower (left hand)
 x - a ring of poison resistance (right hand)
Wands
 y - a wand of flame (18)
Scrolls
 e - 2 scrolls of fog
 k - 8 scrolls of noise
 o - 3 scrolls of poison
 r - a scroll of silence
 v - 3 scrolls of vulnerability
 w - 2 scrolls of blinking
 z - a scroll of amnesia
 D - a scroll of immolation
 F - a scroll of teleportation
Potions
 b - 6 potions of degeneration
 f - 3 potions of brilliance {unknown}
 i - a potion of ambrosia {unknown}
 j - 2 potions of magic
 p - 5 potions of curing
 s - a potion of enlightenment {unknown}
 t - 2 potions of heal wounds
 A - 3 potions of mutation {unknown}
 B - a potion of attraction {unknown}


   Skills:
 + Level 8.0 Fighting
 - Level 3.3(4.2) Axes
 + Level 4.0(4.6) Maces & Flails
 + Level 6.5 Armour
 + Level 7.8 Shields


You had 7 spell levels left.
You didn't know any spells.
Your spell library contained the following spells:

 Spells                   Type           Power      Damage    Failure   Level
 Magic Dart               Conj           0%         1d3       95%         1
 Lesser Beckoning         Tloc           0%         N/A       99%         2
 Searing Ray              Conj           0%         2d4       99%         2
 Gell's Gravitas          Tloc           0%         N/A       100%        3
 Ozocubu's Armour         Ice            0%         N/A       100%        3
 Teleport Other           Tloc           0%         N/A       100%        3
 Fulminant Prism          Conj/Hex       0%         3d5       100%        4
 Haunt                    Necr/Summ      0%         N/A       100%        7
 Ozocubu's Refrigeration  Ice            0%         4d7       100%        7
 Infestation              Necr           0%         N/A       100%        8
 Animate Dead             Necr           Unusable   N/A       N/A         4

Dungeon Overview and Level Annotations

Branches:
Dungeon (7/15)             Temple (1/1) D:4         Ossuary (visited)
 Bailey (1/1)

Altars:
Ashenzari
Cheibriados
Dithmenos
Elyvilon
Gozag
Hepliaklqana
Kikubaaqudgha
Makhleb
Nemelex Xobeh
Okawaru
Sif Muna
Trog
Uskayaw
Vehumet
Wu Jian
Xom
Yredelemnul
Zin
The Shining One

Annotations:
D:7 Pikel


Innate Abilities, Weirdness & Mutations

You cannot be hasted, slowed, berserked, paralysed or teleported.
You can dig through walls and to a lower floor.
You have a pair of large antennae on your head. (SInv)
Your four strong arms can wield two-handed weapons with a shield.


Message History

You block the orc zombie's attack.
You barely miss the orc warrior zombie.
The orc warrior zombie is heavily damaged.
The gargoyle hurls a stone arrow at you.
The stone arrow misses you.
The stone arrow hits the orc zombie!!
The orc zombie is destroyed!
The orc zombie hits you but does no damage.
You block the orc warrior zombie's attack.
You barely miss the orc zombie.
Unknown command.
You whack the orc zombie!
The orc zombie is severely damaged.
The orc zombie hits you but does no damage.
The orc warrior zombie hits you from afar with a +0 halberd.
You block the orc warrior zombie's attack.
You barely miss the orc zombie.
The orc zombie is severely damaged.
The orc warrior zombie closely misses you.
You block the orc zombie's attack.
The gargoyle hurls a stone arrow at you.
The stone arrow hits you!!
The orc warrior zombie hits you but does no damage.
You whack the orc zombie!
You destroy the orc zombie!
The orc warrior zombie hits you from afar with a +0 halberd.
The gargoyle hurls a stone arrow at you.
The stone arrow hits you!
Unknown command.
You feel much better.
The orc warrior zombie hits you with a +0 halberd.
The gargoyle hurls a stone arrow at you.
The stone arrow hits you!!
* * * LOW HITPOINT WARNING * * *
You barely miss the gargoyle.
The orc warrior zombie hits you from afar with a +0 halberd!
* * * LOW HITPOINT WARNING * * *
The orc warrior zombie closely misses you.
The gargoyle hits you with a +0 flail!
You die...
Your body crumbles into a pile of gold.

##≈≈♣ #.≈≈#########{{ {
### ..≈≈#.......#
#####...#
..≈≈#.......#+##.......#
..≈≈#..................#
.#########.........♣...#
....)..........♣.......#
................9......#
.#########....♣.@$Z...#
..≈ #...♣.♣.$Z...## ..≈≈
+.........♣.## ..≈≈.
#.......... .# #.≈≈. {
#.♣.♣♣..♣...{#
#...♣........ .
...######. .... ..


You could see a gargoyle and 2 orc warrior zombies.

Vanquished Creatures
  Sigmund (D:2)
  A water moccasin (D:6)
  An ogre (D:6)
  A phantom (D:5)
  3 scorpions
  A centaur zombie (Ossuary)
  2 orc priests
  3 hounds
  3 jellies
  Terence (D:2)
  An iguana (D:6)
  3 orc wizards
  Natasha (D:2)
  2 hound zombies (D:3)
  4 mummies
  6 gnolls
  7 adders
  A white imp (D:6)
  An ufetubus (D:3)
  2 worms
  4 dart slugs
  16 orcs
  2 bats (D:2)
  2 endoplasms
  A giant cockroach (D:2)
  10 goblins
  7 hobgoblins
  9 jackals
  5 quokkas
  7 ball pythons
  A ball python zombie (D:3)
  3 frilled lizards (D:3)
  2 goblin zombies (Ossuary)
  2 hobgoblin zombies (Ossuary)
  A jackal zombie (D:3)
  7 kobolds
  3 kobold zombies (Ossuary)
  2 orc zombies (Bailey)
  3 rats
  A butterfly (D:4)
133 creatures vanquished.

Vanquished Creatures (others)
  A goblin (D:7)
  An orc zombie (Bailey)
2 creatures vanquished.

Grand Total: 135 creatures vanquished

Notes
Turn   | Place    | Note
-------+----------+-------------------------------------------
     0 | D:1      | Descartes the Formicid Fighter began the quest for the Orb.
     0 | D:1      | Reached XP level 1. HP: 18/18 MP: 1/1
    53 | D:1      | Found a faded altar of an unknown god.
   818 | D:2      | Reached XP level 2. HP: 23/24 MP: 2/2
   818 | D:2      | Noticed Sigmund
   819 | D:2      | Noticed Terence
   851 | D:2      | Killed Terence
   852 | D:2      | Reached XP level 3. HP: 16/30 MP: 3/3
   862 | D:2      | Killed Sigmund
   863 | D:2      | Reached skill level 4 in Fighting
   863 | D:2      | Reached skill level 5 in Shields
   863 | D:2      | Reached XP level 4. HP: 21/38 MP: 4/4
   863 | D:2      | Reached XP level 5. HP: 24/43 MP: 5/5
   863 | D:2      | Reached XP level 6. HP: 28/49 MP: 6/6
  1186 | D:2      | Noticed Natasha
  1193 | D:2      | Killed Natasha
  1593 | D:3      | Found a basalt altar of Yredelemnul.
  1616 | D:3      | Reached skill level 1 in Maces & Flails
  1840 | D:3      | Identified the +3 falchion of the Glamorous God {freeze,
                  | Int+4}
  1859 | D:3      | Found a shadowy altar of Dithmenos.
  1926 | D:3      | Reached skill level 5 in Fighting
  1926 | D:3      | Reached XP level 7. HP: 19/46 MP: 7/7
  2031 | D:3      | Reached skill level 5 in Armour
  2097 | D:3      | Identified the staff of the Dull God {rF+ rCorr Int+4 Dex-5
                  | Tloc Fire}
  2358 | D:4      | Found a glowing golden altar of the Shining One.
  2502 | D:4      | Found a staircase to the Ecumenical Temple.
  2509 | Temple   | Entered the Ecumenical Temple
  2522 | Temple   | Became a worshipper of Gozag Ym Sagoz the Greedy
  3018 | D:4      | Found an ornate altar of the Wu Jian Council.
  3155 | D:4      | Noticed a +0 hand axe
  3162 | D:4      | Found a hide-covered altar of Uskayaw.
  3163 | D:4      | Noticed a +0 hand axe
  3284 | D:4      | Found a broken altar of Ashenzari.
  3284 | D:4      | Found an iron altar of Okawaru.
  3284 | D:4      | Found a burning altar of Makhleb.
  3430 | D:5      | Entered Level 5 of the Dungeon
  3461 | D:5      | Reached skill level 6 in Fighting
  3547 | D:5      | Found a sparkling altar of Nemelex Xobeh.
  3595 | D:5      | Found a sand-covered staircase.
  3618 | Ossuary  | Entered an ossuary
  3761 | Ossuary  | Reached XP level 8. HP: 64/64 MP: 8/8
  3855 | Ossuary  | HP: 1/65 [mummy (13)]
  4352 | D:5      | Found a hazy altar of Hepliaklqana.
  4902 | D:6      | Reached skill level 7 in Fighting
  5693 | D:6      | Reached skill level 8 in Fighting
  5799 | D:7      | Noticed Pikel
  5804 | D:7      | Found a flagged portal.
  5821 | Bailey   | Entered a bailey
  5899 | Bailey   | Noticed a gargoyle
  5909 | Bailey   | Slain by a gargoyle

Illustrated notes

Levels and vault maps discovered:
D:1:      dpeg_arrival_windows_large_door, layout_loops_ring,
          chequers_ecumenical_altar_island
D:2:      layout_basic, uniq_natasha, uniq_terence, uniq_sigmund
D:3:      layout_loops_cross, nicolae_yredelemnul_corpse_copse,
          nicolae_dithmenos_through_a_glass_darkly
D:4:      layout_loops_corners, nicolae_wu_jian_wuxing_cycle,
          dancing_weapons_uskayaw, tso_metal_star, grunt_temple_overflow_open,
          minmay_temple_entry_butterflies, hangedman_decor_clover_reticule
D:5:      layout_basic, nemelex_diamond_rough_becter,
          nzn_hepliaklqana_mist_gate, gup_ossuary_entry_pyramid
D:6:      layout_basic, chequers_serial_rivers_large_a
D:7:      layout_basic, enter_bailey_5, uniq_menkaure, uniq_pikel, uniq_duvessa
Temple:   compressed_dpeg_triangle_lava_temple
Bailey:   bailey_polearm_vampire_castle_hellmonk, bailey

Skill      XL: |  1  2  3  4  5  6  7  8 |
---------------+-------------------------+-----
Fighting       | 4 5 6 8 |  8.0
Axes           | 3 |  3.3
Armour         | 4 5 6 |  6.5
Shields        | 5 6 7 |  7.8
Maces & Flails | 1 2 4 |  4.0

Action                     |  1- 3 |  4- 6 |  7- 9 || total
---------------------------+-------+-------+-------++-------
  Melee: War axe           |    46 |     7 |       ||    53
         Whip              |       |   171 |   398 ||   569
Ability: Dig               |       |     2 |     2 ||     4
    Use: Potion            |     4 |       |     1 ||     5
         Scroll            |       |       |    13 ||    13
 Armour: Scale mail        |    38 |     4 |       ||    42
         Chain mail        |       |   109 |   240 ||   349
  Dodge: Dodged            |    29 |    57 |   168 ||   254
  Block: Buckler           |     7 |    33 |    88 ||   128

Table legend: (Time is in decaauts)
 A = Elapsed time spent in this place.
 B = Non-inter-level travel time spent in this place.
 C = Inter-level travel time spent in this place.
 D = Time resting spent in this place.
 E = Time spent auto-exploring this place.
 F = Levels seen in this place.
 G = Mean time per level.
                   A        B        C        D        E       F      G
               +--------+--------+--------+--------+--------+-----+--------+
         Total |   5935 |   5726 |    209 |     18 |   4390 |  10 |  593.5 |
       Dungeon |   5219 |   5020 |    199 |      0 |   3858 |   7 |  745.6 |
        Temple |     24 |     14 |     10 |      0 |      0 |   1 |   24.0 |
       Ossuary |    604 |    604 |      0 |     18 |    468 |   1 |  604.0 |
        Bailey |     86 |     86 |      0 |      0 |     64 |   1 |   86.0 |
               +--------+--------+--------+--------+--------+-----+--------+

Top non-repeatable levels by time:
     D:4: 1065 daAuts
     D:6: 977 daAuts
     D:2: 864 daAuts
     D:3: 783 daAuts
     D:5: 773 daAuts
     D:1: 720 daAuts
 Ossuary: 604 daAuts
  Bailey: 86 daAuts
     D:7: 34 daAuts
  Temple: 24 daAuts
